 Dungeon Crawl Stone Soup version 0.23.2-33-g5129a83184 (webtiles) character file.

Game seed: 8382926148497194497

27604 FishyPogo the Fighter (level 13, -13/90 HPs)
             Began as a Gargoyle Monk on Aug 7, 2019.
             Was the Champion of Wu Jian.
             Killed from afar by Jorgrun (64 damage)
             ... with an iron shot
             ... on level 1 of the Orcish Mines.
             The game lasted 02:11:35 (15967 turns).

FishyPogo the Fighter (Gargoyle Monk)              Turns: 15967, Time: 02:11:35

Health: -13/90     AC: 20    Str: 21    XL:     13   Next: 33%
Magic:  18/19      EV: 17    Int: 10    God:    Wu Jian [******]
Gold:   60         SH:  0    Dex: 15    Spells: 11/12 levels left

rFire    . . .     SeeInvis .   a - +1 whip (elec)
rCold    . . .     Gourm    .   (no shield)
rNeg     + . .     Faith    .   o - +1 leather armour "Wyturph" {Regen+ Str+2 Dex+3}
rPois    ∞         Spirit   .   S - +2 hat
rElec    +         Reflect  .   J - +0 cloak
rCorr    +         Harm     .   (no gloves)
MR       +....                  D - +0 pair of boots
Stlth    ++........             (no amulet)
HPRegen  0.65/turn              z - ring of protection from magic
MPRegen  0.16/turn              E - ring of resist corrosion

@: flying, very slightly contaminated
A: big wings, claws 1, rugged brown scales 1, clumsy 1, negative energy
resistance 1, electricity resistance, unbreathing, petrification resistance, rot
immunity, AC +9
a: Stop Flying, Wall Jump, Serpent's Lash, Heavenly Storm, Renounce Religion


You were on level 1 of the Orcish Mines.
You worshipped Wu Jian.
Wu Jian was exalted by your worship.
You were not hungry.

You visited 2 branches of the dungeon, and saw 15 of its levels.

You collected 768 gold pieces.
You spent 708 gold pieces at shops.

Inventory:

Hand Weapons
 a - a +1 whip of electrocution (weapon)
 W - a +0 mace of holy wrath
 X - a +0 flail of draining
Missiles
 d - 424 stones (quivered)
Armour
 o - the +1 leather armour "Wyturph" (worn) {Regen+ Str+2 Dex+3}
   (You bought it in a shop on level 12 of the Dungeon)

   It affects your strength (+2).
   It affects your dexterity (+3).
   It increases your rate of regeneration.
 p - a +0 shield
 D - a +0 pair of boots (worn)
 H - a +2 robe of fire resistance
 J - a +0 cloak (worn)
 K - the +3 robe of the Dungeon {Str+5}
   (You found it on level 8 of the Dungeon)

   It affects your strength (+5).
 R - a +1 robe of positive energy
 S - a +2 hat (worn)
 U - a +4 ring mail
Jewellery
 j - an uncursed ring of wizardry
 r - an uncursed ring of ice
 v - an uncursed ring of positive energy
 y - an uncursed ring of protection from magic
 z - a ring of protection from magic (left claw)
 E - a ring of resist corrosion (right claw)
 G - an uncursed ring of see invisible
 Y - an uncursed ring of wizardry
Wands
 b - a wand of polymorph (16)
 M - a wand of iceblast (7)
 V - a wand of paralysis (8)
Scrolls
 e - 11 scrolls of identify
 g - 7 scrolls of teleportation {unknown}
 h - 4 scrolls of fear {unknown}
 i - a scroll of holy word
 m - 3 scrolls of amnesia {unknown}
 q - 2 scrolls of random uselessness {unknown}
 t - 5 scrolls of remove curse
 u - 2 scrolls of enchant armour
 x - a scroll of fog
 A - a scroll of summoning {unknown}
 F - a scroll of enchant weapon {unknown}
 O - 4 scrolls of blinking
 Q - 2 scrolls of immolation {unknown}
 T - 2 scrolls of magic mapping
 Z - a scroll of vulnerability {unknown}
Potions
 f - 2 potions of invisibility
 l - 3 potions of brilliance
 n - 3 potions of flight {unknown}
 s - a potion of haste
 w - 3 potions of resistance
 B - a potion of ambrosia
 C - 2 potions of agility
 I - a potion of magic
 L - a potion of cancellation
 N - 3 potions of degeneration {unknown}
 P - a potion of curing
Comestibles
 c - 32 rations


   Skills:
 * Level 13.1 Fighting
 + Level 11.2 Maces & Flails
 + Level 7.5 Armour
 * Level 8.3 Dodging
 - Level 3.0 Stealth
 - Level 4.0 Shields
 + Level 8.7 Evocations


You had 11 spell levels left.
You knew the following spells:

 Your Spells              Type           Power        Failure   Level  Hunger
a - Beastly Appendage     Tmut           #.....       41%         1    ##.....

Your spell library contained the following spells:

 Spells                   Type           Power        Failure   Level  Hunger
 Freeze                   Ice            #...         41%         1    ##.....
 Magic Dart               Conj           #...         41%         1    ##.....
 Shock                    Conj/Air       #...         41%         1    ##.....
 Blink                    Tloc           N/A          54%         2    ###....
 Call Imp                 Summ           #.......     54%         2    ###....
 Searing Ray              Conj           #.....       54%         2    ###....
 Slow                     Hex            #.......     54%         2    ###....
 Sticks to Snakes         Tmut           #.......     54%         2    ###....
 Swiftness                Chrm/Air       #.......     54%         2    ###....
 Throw Frost              Conj/Ice       #.....       54%         2    ###....
 Conjure Flame            Conj/Fire      #.......     78%         3    ####...
 Dazzling Spray           Conj/Hex       #.....       78%         3    ####...
 Mephitic Cloud           Conj/Pois/Air  #.......     78%         3    ####...
 Ozocubu's Armour         Chrm/Ice       #.......     78%         3    ####...
 Spider Form              Tmut/Pois      #.........   78%         3    ####...
 Static Discharge         Conj/Air       #.......     78%         3    ####...
 Airstrike                Air            #.........   99%         4    #####..
 Force Lance              Conj/Tloc      #.......     99%         4    #####..
 Fulminant Prism          Conj/Hex       #.........   99%         4    #####..
 Ice Form                 Ice/Tmut       #.......     99%         4    #####..
 Iskenderun's Mystic Bla  Conj           #.......     99%         4    #####..
 Summon Ice Beast         Ice/Summ       #.......     99%         4    #####..
 Throw Icicle             Conj/Ice       #.......     99%         4    #####..
 Blade Hands              Tmut           #.........   100%        5    ######.
 Lightning Bolt           Conj/Air       #.........   100%        5    ######.


Dungeon Overview and Level Annotations

Branches:
Dungeon (14/15)            Temple (0/1) D:6            Lair (0/6) D:11
    Orc (1/2) D:9
 Vaults: D:13-14

Altars:
Ashenzari
Cheibriados
Dithmenos
Elyvilon
Fedhas
Kikubaaqudgha
Nemelex Xobeh
Okawaru
Qazlal
Ru
Sif Muna
Uskayaw
Vehumet
Wu Jian
Xom
The Shining One

Shops:
D:5 *   D:6 (   D:12 :([   D:13 :

Annotations:
Orc:1 Jorgrun


Innate Abilities, Weirdness & Mutations

You are resistant to torment.
Your stone body is resilient. (AC +9)
You are immune to poison.
You resist negative energy. (rN+)
You are resistant to electric shocks. (rElec)
You can survive without breathing.
You are immune to petrification.
You are immune to rotting.
Your large and strong wings let you fly indefinitely.
You have sharp fingernails.
You are partially covered in rugged brown scales. (AC +1, +3% HP)
You are clumsy. (Dex -2)


Message History

You completely miss the ogre.
The ogre is almost dead.
You spin and attack Jorgrun.
You hit Jorgrun.
Jorgrun is lightly wounded.
You spin and attack the ogre repeatedly.
You hit the ogre.
The ogre is almost dead.
You hit the ogre but do no damage.
The ogre is almost dead.
The ogre misses you. Jorgrun hits you but does no damage.
You lunge at the ogre, in a flurry of attacks.
You barely miss the ogre.
The ogre is almost dead.
You hit the ogre. Lightning courses through the ogre!!
You kill the ogre!
The Council accepts your kill.
Jorgrun points at you and mumbles some strange words.
The iron shot hits you!!!
Ouch! That really hurt!
You die...

.....#.........##.##.##.
.................#####
....................###
...........##.........##
...........(...........#
....#..............#.#
............(.......#
.............(.....#
...........).@(....##
$............g)...#.##
...>........)$)).....#
#.............<.....##
...............#.###
...#..#..#...####
#############


You could see Jorgrun.

Vanquished Creatures
  Gastronok (D:9)
  Harold (Orc:1)
  A hydra (D:13)
  2 two-headed ogres
  A centaur warrior (D:13)
  5 death yaks (D:11)
  Urug (D:9)
  A wizard (D:13)
  Pikel (D:5)
  An orc sorcerer (Orc:1)
  4 ugly things
  A deep elf mage (D:13)
  Psyche (D:9)
  A centaur zombie (D:11)
  4 trolls
  3 meliai (D:13)
  3 slime creatures (D:11)
  7 hippogriffs
  2 shadows
  A wraith (D:13)
  Grum (D:9)
  9 yaks
  A basilisk (D:13)
  3 hungry ghosts
  5 vampire mosquitoes
  4 wargs
  An acid dragon (D:12)
  4 water moccasins
  5 orc warriors
  3 black bears
  13 ice beasts
  2 phantoms (D:11)
  2 sky beasts
  3 slaves (D:5)
  9 ogres
  3 wolves (D:9)
  10 centaurs
  A crocodile (D:9)
  4 bullfrogs
  3 scorpions
  A wyvern skeleton (D:13)
  14 killer bees
  8 howler monkeys
  4 crimson imps
  3 bullfrog zombies
  3 hounds
  A quasit (D:7)
  7 orc priests
  2 bullfrog skeletons
  5 centaur skeletons
  2 jellies
  Ijyb (D:5)
  2 iguanas
  16 orc wizards
  11 worker ants
  A hound zombie (D:10)
  A hound skeleton (D:10)
  5 gnolls (Orc:1)
  2 howler monkey skeletons
  6 adders
  2 shadow imps
  2 oozes
  2 adder skeletons
  4 worms (D:3)
  3 dart slugs
  A leopard gecko (D:5)
  48 orcs
  2 ball pythons (D:5)
  6 bats
  7 giant cockroaches
  7 hobgoblins
  10 jackals
  6 quokkas
  6 frilled lizards
  A giant cockroach zombie (D:5)
  8 goblins
  A jackal skeleton (D:4)
  3 kobolds
  A leopard gecko skeleton (D:8)
  A quokka skeleton (D:4)
  7 rats
351 creatures vanquished.

Vanquished Creatures (others)
  2 crimson imps (D:5)
  An orc priest (D:5)
  A worker ant zombie (D:5)
  A gnoll (Orc:1)
  6 orcs
  A quokka (D:8)
12 creatures vanquished.

Grand Total: 363 creatures vanquished

Notes
Turn   | Place    | Note
-------+----------+-------------------------------------------
     0 | D:1      | FishyPogo the Gargoyle Monk began the quest for the Orb.
     0 | D:1      | Reached XP level 1. HP: 14/14 MP: 1/1
     5 | D:1      | Found an ornate altar of the Wu Jian Council.
   156 | D:1      | Reached XP level 2. HP: 15/19 MP: 2/2
   439 | D:1      | Gained mutation: Your large and strong wings let you fly
                  | indefinitely. [potion of mutation]
   439 | D:1      | Gained mutation: You are clumsy. (Dex -2) [potion of
                  | mutation]
   439 | D:1      | Gained mutation: You have sharp fingernails. [potion of
                  | mutation]
   439 | D:1      | Gained mutation: You are partially covered in rugged brown
                  | scales. (AC +1, +3% HP) [potion of mutation]
   475 | D:1      | Reached skill level 1 in Armour
   491 | D:1      | Reached XP level 3. HP: 23/23 MP: 3/3
   538 | D:1      | Became a worshipper of the Wu Jian Council
   538 | D:1      | Reached * piety under Wu Jian
   538 | D:1      | Reached ** piety under Wu Jian
  1126 | D:2      | Found a deep blue altar of Sif Muna.
  1825 | D:3      | Found a white marble altar of Elyvilon.
  2414 | D:3      | Reached XP level 4. HP: 28/28 MP: 4/4
  2475 | D:3      | Found an ancient bone altar of Kikubaaqudgha.
  2479 | D:3      | Found a blossoming altar of Fedhas.
  2489 | D:3      | You are sucked into a shaft for 3 floors!
  2512 | D:6      | Reached skill level 4 in Fighting
  2585 | D:6      | Reached XP level 5. HP: 15/33 MP: 5/5
  2747 | D:6      | Found a staircase to the Ecumenical Temple.
  2970 | D:6      | Reached skill level 5 in Fighting
  2970 | D:6      | Reached XP level 6. HP: 19/41 MP: 6/6
  3005 | D:6      | Found Xutooh's Weapon Emporium.
  3201 | D:6      | Found a sacrificial altar of Ru.
  3439 | D:5      | Entered Level 5 of the Dungeon
  3439 | D:5      | Found a stormy altar of Qazlal.
  3439 | D:5      | Found a snail-covered altar of Cheibriados.
  3439 | D:5      | Noticed Ijyb
  3508 | D:5      | Noticed a water moccasin
  3544 | D:5      | Found Byxyaky's General Store.
  3582 | D:5      | Learned a level 1 spell: Beastly Appendage
  3630 | D:4      | Reached XP level 7. HP: 25/46 MP: 7/7
  3636 | D:4      | Found a shadowy altar of Dithmenos.
  3762 | D:4      | Reached *** piety under Wu Jian
  3790 | D:3      | Reached skill level 6 in Fighting
  4782 | D:5      | Noticed Pikel
  4957 | D:5      | Killed Ijyb
  5027 | D:5      | Bought a potion of lignification for 36 gold pieces
  5027 | D:5      | Bought a +0 pair of boots for 54 gold pieces
  5027 | D:5      | Bought a scroll of remove curse for 36 gold pieces
  5084 | D:5      | Reached skill level 5 in Maces & Flails
  5096 | D:5      | Reached skill level 7 in Fighting
  5096 | D:5      | Reached XP level 8. HP: 12/54 MP: 8/8
  5476 | D:5      | Killed Pikel
  5476 | D:5      | Reached skill level 8 in Fighting
  5476 | D:5      | Reached skill level 5 in Armour
  6234 | D:7      | Noticed a hippogriff
  6288 | D:7      | Reached skill level 9 in Fighting
  6288 | D:7      | Reached XP level 9. HP: 58/61 MP: 9/9
  6615 | D:7      | Reached **** piety under Wu Jian
  6668 | D:7      | Found a sparkling altar of Nemelex Xobeh.
  6735 | D:7      | HP: 3/62 [hippogriff (4)]
  7121 | D:7      | Found a faded altar of an unknown god.
  7121 | D:7      | Found a glowing golden altar of the Shining One.
  7127 | D:7      | Found an iron altar of Okawaru.
  7129 | D:7      | Found an ornate altar of the Wu Jian Council.
  7131 | D:7      | Found a faded altar of an unknown god.
  7307 | D:7      | You are sucked into a shaft for 2 floors!
  7307 | D:9      | Found a hide-covered altar of Uskayaw.
  7354 | D:9      | Noticed Psyche
  7379 | D:8      | Reached skill level 10 in Fighting
  7403 | D:8      | Found a radiant altar of Vehumet.
  7851 | D:8      | Got an opalescent robe
  7852 | D:8      | Identified the +3 robe of the Dungeon {Str+5} (You found it
                  | on level 8 of the Dungeon)
  8113 | D:8      | Noticed a two-headed ogre
  8748 | D:9      | Found a shattered altar of Ashenzari.
  8779 | D:9      | Reached XP level 10. HP: 55/70 MP: 10/10
  8793 | D:9      | Found a shimmering altar of Xom.
  8852 | D:9      | Noticed Gastronok
  8878 | D:9      | Noticed Grum
  8884 | D:9      | Reached skill level 1 in Evocations
  8891 | D:9      | Reached skill level 5 in Dodging
  8894 | D:9      | Killed Grum
  9273 | D:9      | Killed Psyche
  9391 | D:9      | Found a staircase to the Orcish Mines.
  9784 | D:9      | Killed Gastronok
  9784 | D:9      | Reached XP level 11. HP: 45/75 MP: 11/14
  9835 | D:10     | Entered Level 10 of the Dungeon
 10114 | D:9      | Reached ***** piety under Wu Jian
 10149 | D:10     | Noticed a two-headed ogre
 10292 | D:10     | Reached skill level 11 in Fighting
 10354 | D:10     | HP: 3/76 [orc priest/divine providence (14)]
 10922 | D:10     | Killed a two-headed ogre
 10922 | D:10     | Reached skill level 1 in Shields
 10922 | D:10     | Reached skill level 5 in Evocations
 11806 | D:11     | Noticed a death yak
 11806 | D:11     | Noticed a death yak
 11839 | D:11     | Killed a death yak
 11853 | D:11     | Reached skill level 10 in Maces & Flails
 11862 | D:11     | Noticed a death yak
 11863 | D:11     | Noticed a death yak
 11931 | D:11     | Killed a death yak
 11937 | D:11     | Noticed a death yak
 12122 | D:12     | Noticed a red ugly thing
 12156 | D:12     | Found Suyrr's Antique Armour Emporium.
 12173 | D:12     | Bought a jewelled leather armour for 182 gold pieces
 12183 | D:12     | Identified the +1 leather armour "Wyturph" {Regen+ Str+2
                  | Dex+3} (You bought it in a shop on level 12 of the Dungeon)
 12253 | D:12     | Found Xadwonlo's Antique Weapon Boutique.
 12283 | D:11     | Noticed a green ugly thing
 12321 | D:11     | Killed a green ugly thing
 12321 | D:11     | Reached XP level 12. HP: 68/82 MP: 16/16
 12436 | D:11     | Found a staircase to the Lair.
 12827 | D:11     | Killed a death yak
 12919 | D:11     | Killed a death yak
 12920 | D:11     | Killed a death yak
 12920 | D:11     | Reached skill level 12 in Fighting
 13192 | D:12     | Found Lem Hiwo's Book Shop.
 13568 | D:12     | Bought a runed mace for 192 gold pieces
 13830 | D:13     | Noticed a two-headed ogre
 13848 | D:13     | Killed a two-headed ogre
 13889 | D:13     | Found a shattered altar of Ashenzari.
 13945 | D:13     | Noticed a five-headed hydra
 13950 | D:13     | Killed a five-headed hydra
 14258 | D:13     | Reached XP level 13. HP: 29/89 MP: 19/19
 14324 | D:13     | Found Tiptuli's Book Shoppe.
 15130 | D:14     | Found a shattered altar of Ashenzari.
 15434 | Orc:1    | Entered Level 1 of the Orcish Mines
 15533 | D:12     | Bought a glowing flail for 208 gold pieces
 15674 | Orc:1    | Noticed Harold
 15704 | Orc:1    | Noticed Urug
 15726 | Orc:1    | Reached skill level 13 in Fighting
 15739 | Orc:1    | Killed Harold
 15751 | Orc:1    | Noticed Jorgrun
 15778 | D:9      | Killed Urug
 15967 | Orc:1    | Reached ****** piety under Wu Jian
 15967 | Orc:1    | Killed from afar by Jorgrun

Skill      XL: |  1  2  3  4  5  6  7  8  9 10 11 12 13 |
---------------+----------------------------------------+-----
Armour         | 1 2 3 4 5 6 7 |  7.5
Stealth        | 3 |  3.0
Dodging        | 3 4 6 7 8 |  8.3
Fighting       | 4 5 7 9 10 11 12 13 | 13.1
Maces & Flails | 4 5 6 7 9 10 11 | 11.2
Evocations     | 4 6 8 |  8.7
Shields        | 4 |  4.0

Action                   |  1- 3 |  4- 6 |  7- 9 | 10-12 | 13-15 || total
-------------------------+-------+-------+-------+-------+-------++-------
Melee: Mace              |   140 |   123 |   491 |       |       ||   754
       Whip              |       |       |   124 |  1059 |   270 ||  1453
       Headbutt          |       |       |     1 |    15 |     3 ||    19
Throw: Stone             |     3 |     6 |    24 |    29 |    30 ||    92
 Cast: Beastly Appendage |       |       |     1 |    12 |     2 ||    15
Invok: Lunge             |    12 |     9 |    47 |   128 |    24 ||   220
       Whirlwind         |     7 |     2 |    31 |   201 |    81 ||   322
       Serpent's Lash    |       |       |       |     2 |     1 ||     3
 Abil: Wall Jump         |     1 |       |    14 |    22 |       ||    37
       Fly               |     1 |       |       |     1 |       ||     2
       Stop Flying       |       |       |       |     1 |       ||     1
Evoke: Wand              |       |       |       |     2 |       ||     2
  Use: Potion            |     2 |       |     3 |     5 |     1 ||    11
       Scroll            |       |       |    11 |     2 |     1 ||    14
 Stab: Sleeping          |     6 |     5 |     6 |     7 |       ||    24
       Paralysed         |       |       |       |     4 |       ||     4
       Distracted        |       |       |       |     1 |       ||     1
  Eat: Chunk             |     4 |     4 |    19 |    22 |     8 ||    57
       Ration            |       |       |       |     1 |       ||     1
Armor: Robe              |    35 |    30 |   189 |   132 |       ||   386
       Skin              |       |       |    33 |     5 |       ||    38
       Leather armour    |       |       |    46 |    96 |    35 ||   177
       Ring mail         |       |       |       |    86 |       ||    86
Dodge: Dodged            |    67 |    80 |   338 |   475 |    97 ||  1057
